 Dungeon Crawl Stone Soup version 0.27.0-1-g7a089689b8 (webtiles) character file.

Game seed: 4787851629712330658

1519 ZombieSheep the Fighter (level 8, 0/74 HPs)
             Began as a Ghoul Monk on Aug 4, 2021.
             Slain by a steam dragon (9 damage)
             ... on level 4 of the Dungeon.
             The game lasted 00:11:12 (6599 turns).

ZombieSheep the Fighter (Ghoul Monk)                Turns: 6599, Time: 00:11:12

Health: 0/74       AC: 13    Str: 16    XL:     8   Next: 84%
Magic:  7/7        EV:  8    Int:  5    God:
Gold:   352        SH:  0    Dex: 12    Spells: 7/7 levels left

rFire    . . .     SeeInvis .   a - +2 hand axe (venom)
rCold    + . .     Faith    .   (no shield)
rNeg     + + +     Spirit   .   h - +0 chain mail
rPois    ∞         Reflect  .   u - +2 hat
rElec    .         Harm     .   e - +0 cloak
rCorr    .         Rampage  .   (no gloves)
Will     .....                  j - +0 pair of boots
Stlth    ..........             (no amulet)
HPRegen  0.00/turn              (no ring)
MPRegen  0.10/turn              (no ring)

@: inhibited regen
A: claws 1, cold resistance 1, negative energy resistance 3, inhibited
regeneration, torment resistance 2
a: no special abilities


You were on level 4 of the Dungeon.
You visited 1 branch of the dungeon, and saw 6 of its levels.

You collected 352 gold pieces.

Inventory:

Hand Weapons
 a - a +2 hand axe of venom (weapon)
 b - a +0 hand axe of electrocution
 d - a +0 war axe
 i - a +0 hand axe
 q - a +1 vorpal flail
Armour
 e - a +0 cloak (worn)
 h - a +0 chain mail (worn)
 j - a +0 pair of boots (worn)
 u - a +2 hat (worn)
Jewellery
 m - a ring of wizardry
 s - a ring of protection from cold
Wands
 l - a wand of flame (7)
Scrolls
 c - a scroll of amnesia
 g - a scroll of summoning
 k - a scroll of fog
 n - a scroll of enchant armour
 t - 2 scrolls of enchant weapon
Potions
 f - a potion of flight
 r - 2 potions of ambrosia


   Skills:
 * Level 8.2 Fighting
 + Level 5.1 Axes
 + Level 4.1 Armour
 + Level 5.1 Dodging
 - Level 2.1 Stealth


You had 7 spell levels left.
You didn't know any spells.
Your spell library contained the following spells:

 Spells                   Type           Power      Damage    Failure   Level
 Freeze                   Ice            0%         1d3       100%        1
 Magic Dart               Conj           0%         1d3       100%        1
 Call Imp                 Summ           0%         N/A       100%        2
 Frozen Ramparts          Ice            0%         1d2       100%        3
 Ignite Poison            Fire/Tmut/Pois 0%         N/A       100%        3
 Mephitic Cloud           Conj/Pois/Air  0%         N/A       100%        3
 Hailstorm                Conj/Ice       0%         3d3       100%        4
 Bolt of Magma            Conj/Fire/Erth 0%         4d4       100%        5


Dungeon Overview and Level Annotations

Branches:
Dungeon (6/15)
 Temple: D:4-7

Altars:
Ashenzari
Cheibriados
Fedhas
Kikubaaqudgha
Ru
Wu Jian
Yredelemnul
The Shining One

Shops:
D:5 *

Annotations:
D:5 2 runed translucent doors, ZARRMARR's ghost, novice HOFi


Innate Abilities, Weirdness & Mutations

You thrive by killing the living.
You are immune to poison.
You have sharp fingernails.
Your flesh is cold resistant. (rC+)
You are immune to negative energy. (rN+++)
You do not regenerate when monsters are visible.
You are immune to unholy pain and torment.


Message History

Your Fighting skill increases to level 8!
Your Armour skill increases to level 4!
Unknown command.
Items here: )) [[ ÷.
Okay, then.
HP restored.
Found a cloak.
You see here a +1 dagger of draining.
You see here a +0 scale mail.
You see here a +0 cloak.
e - a +0 cloak You start putting on your armour.
You continue putting on your +0 cloak. x4
You finish putting on your +0 cloak.
You now have 344 gold pieces (gained 10).
You now have 352 gold pieces (gained 8).
A steam dragon is nearby!
The steam dragon breathes steam at you. The ball of steam hits you!
You barely miss the steam dragon.
You are engulfed in a cloud of scalding steam.
The steam dragon bites you. The steam dragon barely misses you.
You hit the steam dragon but do no damage.
You are engulfed in a cloud of scalding steam.
The steam dragon bites you but does no damage.
The steam dragon closely misses you.
You hit the steam dragon.
The steam dragon is lightly wounded.
The steam dragon breathes steam at you. The ball of steam hits you!
You closely miss the steam dragon.
The steam dragon is lightly wounded.
You are engulfed in a cloud of scalding steam.
The steam dragon breathes steam at you. The ball of steam hits you!!
* * * LOW HITPOINT WARNING * * *
You hit the steam dragon but do no damage.
The steam dragon is poisoned.
The steam dragon is lightly wounded.
The steam dragon bites you!
You die...

#####..#.# #..# #
#.##.# #..# # #. #.#
#..# # #. #.# #..# #
#. #.# #.§# # #.
#.######§.######. #
# #........§.......
# #.#######.###### #
#.# #@# #.# #D# #
#.#######.#
#.##.........#
#.....)......#
####..#####..######.
#..# ##......... #
######..#
##.#.####### #
#.......###.#..## #


You could see a steam dragon (very poisoned, catching breath).

Vanquished Creatures
  Eustachio (D:4)
  Edmund (D:6)
  A black bear (D:5)
  An orc warrior (D:6)
  2 ogres (D:5)
  A phantom (D:4)
  A scorpion (D:6)
  A water moccasin zombie (D:6)
  A bullfrog zombie (D:5)
  3 hounds
  A jelly (D:6)
  2 orc priests (D:3)
  A centaur skeleton (D:6)
  Ijyb (D:4)
  2 orc wizards
  5 iguanas
  A scorpion zombie (D:5)
  4 gnolls (D:6)
  A howler monkey skeleton (D:5)
  10 adders
  3 worms
  2 dart slugs
  9 orcs
  5 endoplasms
  7 giant cockroaches
  8 goblins
  6 hobgoblins
  20 jackals
  12 kobolds
  2 quokkas (D:1)
  4 ball pythons
  3 bats
  5 frilled lizards
  6 rats
133 creatures vanquished.

Vanquished Creatures (others)
  A ball python (D:4)
  3 plants (D:1)
4 creatures vanquished.

Grand Total: 137 creatures vanquished

Notes
Turn   | Place    | Note
-------+----------+-------------------------------------------
     0 | D:1      | ZombieSheep the Ghoul Monk began the quest for the Orb.
     0 | D:1      | Reached XP level 1. HP: 19/19 MP: 0/0
   267 | D:1      | Reached XP level 2. HP: 24/26 MP: 1/1
   436 | D:1      | Reached XP level 3. HP: 33/33 MP: 2/2
   600 | D:1      | Reached skill level 1 in Armour
   814 | D:1      | Reached skill level 4 in Fighting
   944 | D:1      | Found a faded altar of an unknown god.
  1359 | D:2      | Found a broken altar of Ashenzari.
  1438 | D:2      | Reached XP level 4. HP: 28/40 MP: 3/3
  2191 | D:3      | Reached XP level 5. HP: 26/47 MP: 4/4
  2694 | D:3      | Reached skill level 5 in Fighting
  2855 | D:3      | Reached XP level 6. HP: 56/56 MP: 5/5
  3587 | D:4      | Noticed Ijyb
  3594 | D:4      | Killed Ijyb
  3860 | D:4      | Noticed a steam dragon
  4097 | D:5      | Entered Level 5 of the Dungeon
  4308 | D:5      | Noticed an ice beast
  4347 | D:6      | Reached skill level 6 in Fighting
  4347 | D:6      | Reached XP level 7. HP: 38/63 MP: 6/6
  4485 | D:6      | Noticed Edmund
  4524 | D:6      | Killed Edmund
  4992 | D:6      | Reached XP level 8. HP: 51/71 MP: 7/7
  4995 | D:6      | Reached skill level 7 in Fighting
  5792 | D:5      | Found a sacrificial altar of Ru.
  5795 | D:5      | Found a basalt altar of Yredelemnul.
  5798 | D:5      | Found an ancient bone altar of Kikubaaqudgha.
  5916 | D:5      | Found an ornate altar of the Wu Jian Council.
  5980 | D:5      | Found a runed translucent door.
  6011 | D:5      | Found a snail-covered altar of Cheibriados.
  6066 | D:5      | Found Fylelaad's Assorted Antiques.
  6079 | D:5      | Reached skill level 5 in Axes
  6122 | D:5      | Found a blossoming altar of Fedhas.
  6196 | D:5      | Noticed ZARRMARR's ghost (novice HOFi)
  6234 | D:5      | Found a runed translucent door.
  6444 | D:4      | Reached skill level 5 in Dodging
  6486 | D:4      | Noticed Eustachio
  6530 | D:4      | Killed Eustachio
  6531 | D:4      | Reached skill level 8 in Fighting
  6599 | D:4      | Slain by a steam dragon

Illustrated notes

Levels and vault maps discovered:
D:1:      beargit_arrival_diablo_church, layout_loops_ring, serial_rivers,
          chequers_serial_rivers_small_a, chequers_serial_rivers_micro_a,
          chequers_serial_rivers_small_a, chequers_serial_rivers_room_a,
          chequers_serial_rivers_micro_d, chequers_serial_rivers_micro_c,
          hellmonk_ecumenical_altar_zigzags, lexackson_kobold_supper
D:2:      layout_basic, basic_altar
D:3:      layout_loops_ring, serial_rivers, chequers_serial_rivers_micro_e,
          chequers_serial_rivers_micro_d, chequers_serial_rivers_marsh,
          chequers_serial_rivers_micro_c, chequers_serial_rivers_room_b,
          chequers_serial_rivers_micro_b
D:4:      layout_loops_ring, minmay_temple_entry_statues_pillars,
          hangedman_abyss_or_decor_slice, minmay_close_crescents, uniq_ijyb,
          uniq_eustachio
D:5:      layout_cave_pools, fedhas_altar_3, overflow_temple_1_default,
          kennysheep_slug_shrine, grunt_temple_overflow_cloverleaf,
          serial_shops, shop, serial_column_ruins, column_ruins_square_large,
          column_ruins_columns_straight, column_ruins_grid_3,
          column_ruins_columns_straight, column_ruins_open_small_water,
          ebering_ghost_sewer_f
D:6:      layout_cave_pools, kennysheep_another_room, minivault_25, uniq_edmund

Skill      XL: |  1  2  3  4  5  6  7  8 |
---------------+-------------------------+-----
Axes           | 3 4 5 |  5.1
Armour         | 1 2 3 4 |  4.1
Dodging        | 3 4 5 |  5.1
Fighting       | 4 5 6 8 |  8.2
Stealth        | |  2.1

Action                   |  1- 3 |  4- 6 |  7- 9 || total
-------------------------+-------+-------+-------++-------
Melee: Hand axe          |   112 |   159 |   164 ||   435
Evoke: Wand              |       |       |     5 ||     5
  Use: Scroll            |     4 |     6 |     4 ||    14
       Potion            |       |       |     1 ||     1
 Stab: Sleeping          |     2 |       |       ||     2
Armor: Robe              |    23 |       |       ||    23
       Leather armour    |     3 |     8 |       ||    11
       Chain mail        |       |    94 |    89 ||   183
Dodge: Dodged            |    70 |    67 |    88 ||   225
